 Dungeon Crawl Stone Soup version 0.14-a0-2939-ge0b1554 (webtiles) character file.

329 Kae the Insei (level 5, -1/40 HPs)
             Began as a Draconian Transmuter on Mar 3, 2014.
             Slain by Pr0man's ghost (4 damage)
             ... on Level 4 of the Dungeon.
             The game lasted 00:04:24 (4630 turns).

Kae the Insei (Draconian Transmuter)                Turns: 4630, Time: 00:04:24

HP  -1/40        AC  5     Str 12      XL: 5   Next: 58%
MP   9/9         EV 12     Int 14      God:
Gold 117         SH  0     Dex 12      Spells:  3 memorised,  2 levels left

rFire  . . .     SeeInvis .       - Unarmed
rCold  . . .     Clarity  .     (armour unavailable)
rNeg   . . .     Conserve .     (no shield)
rPois  .         rCorr    .     (helmet restricted)
rElec  .         rRot     .     (no cloak)
SustAb . .       Spirit   .     (no gloves)
rMut   .         Warding  .     (no boots)
Saprov . . .     Stasis   .     (no amulet)
MR     .....                    (no ring)
                                (no ring)

@: appendage, not resistant to hostile enchantments, unstealthy
A: unfitting armour, horns 2, AC +5
a: End Transformation


You were on level 4 of the Dungeon.
You were hungry.
You had grown temporary horns.
You visited 1 branch of the dungeon, and saw 4 of its levels.

You collected 117 gold pieces.

Inventory:

Missiles
 b - 18 arrows
Magical devices
 s - a wand of random effects (20) {unknown}
Comestibles
 a - 5 bread rations
 k - 3 meat rations
 m - an apple
Scrolls
 c - 3 scrolls of identify {unknown}
 f - 5 scrolls of remove curse {unknown}
 g - a scroll of fog {unknown}
 i - a scroll of enchant armour {unknown}
 j - a scroll of enchant weapon I {unknown}
 n - 4 scrolls of teleportation {unknown}
 o - a scroll of noise {unknown}
 p - a scroll of magic mapping {unknown}
Jewellery
 r - an uncursed amulet of the gourmand {unknown}
Potions
 h - 2 potions of heal wounds {unknown}
 l - a potion of poison {unknown}
 q - a potion of speed {unknown}
Books
 d - a book of Changes

   Spells                             Type                      Level
   *Beastly Appendage                 Transmutation                1
   *Sticks to Snakes                  Transmutation                2
   *Spider Form                       Transmutation/Poison         3
   Ice Form                           Ice/Transmutation            4
   Blade Hands                        Transmutation                5


   Skills:
 - Level 1.1 Fighting
 - Level 1.7 Dodging
 * Level 5.6 Unarmed Combat
 - Level 2.0 Spellcasting
 + Level 3.5 Transmutations


You had 2 spell levels left.
You knew the following spells:

 Your Spells              Type           Power        Failure   Level  Hunger
a - Beastly Appendage     Trmt           ##....       6%          1    ##.....
b - Sticks to Snakes      Trmt           ##........   10%         2    ###....
c - Spider Form           Trmt/Pois      #.........   38%         3    ####...


Dungeon Overview and Level Annotations

Branches:
Dungeon (4/16)
 Temple: D:4-7

Altars:
Nemelex Xobeh
Trog
Xom

Annotations:
D:4 Pr0man's ghost, average GrFi


Innate Abilities, Weirdness & Mutations

Your plain brown scales are hard (AC +5).*
Your body does not fit into most forms of armour.
Your cold-blooded metabolism reacts poorly to cold.
You have a pair of horns on your head.*


Message History

Pr0man's ghost is heavily damaged.
Pr0man's ghost hits you!
You hit Pr0man's ghost. Your headbutt misses Pr0man's ghost.
You tail-slap Pr0man's ghost, but do no damage.
Pr0man's ghost is severely damaged.
Pr0man's ghost hits you.
* * * LOW HITPOINT WARNING * * *
You hit Pr0man's ghost but do no damage.
Pr0man's ghost is severely damaged.
Pr0man's ghost hits you!
* * * LOW HITPOINT WARNING * * *
You hit Pr0man's ghost but do no damage.
Pr0man's ghost is severely damaged.
Pr0man's ghost closely misses you.
You barely miss Pr0man's ghost.
Pr0man's ghost is severely damaged.
You barely miss Pr0man's ghost. Your headbutt misses Pr0man's ghost.
Pr0man's ghost is severely damaged.
Pr0man's ghost hits you.
You die...

.....(....$...
................
.................
#................
#..............#
.....#.%....#
#......##
#.#...p<# #.
###@<## #. #### #


You could see Pr0man's ghost.

Vanquished Creatures
  A hound (D:3)
  A worker ant (D:3)
  7 adders
  2 giant mites
  2 worms
  5 orcs (D:3)
  12 goblins
  8 hobgoblins
  A quokka (D:2)
  8 bats
  2 giant cockroaches
  2 giant newts (D:1)
  2 kobolds
  12 rats
65 creatures vanquished.

Vanquished Creatures (collateral kills)
  A worm (D:2)
1 creature vanquished.

Grand Total: 66 creatures vanquished

Notes
Turn   | Place    | Note
--------------------------------------------------------------
     0 | D:1      | Kae, the Draconian Transmuter, began the quest for the Orb.
     0 | D:1      | Reached XP level 1. HP: 16/16 MP: 3/3
     2 | D:1      | Noticed a demigod
     2 | D:1      | Noticed a dwarf
     4 | D:1      | Noticed a minotaur
     4 | D:1      | Noticed a human
     6 | D:1      | Noticed an ogre
     6 | D:1      | Noticed a demonspawn
     8 | D:1      | Noticed a ghoul
     8 | D:1      | Noticed a naga
    10 | D:1      | Noticed a troll
    12 | D:1      | Noticed a spriggan
    12 | D:1      | Noticed a centaur
    14 | D:1      | Noticed an elf
    16 | D:1      | Noticed a merfolk
    20 | D:1      | Noticed a felid
    20 | D:1      | Noticed a draconian
    22 | D:1      | Noticed an octopode
    22 | D:1      | Noticed a vampire
    24 | D:1      | Noticed a formicid
    24 | D:1      | Noticed a tengu
   210 | D:1      | Reached XP level 2. HP: 12/23 MP: 4/4
   837 | D:2      | Reached XP level 3. HP: 12/28 MP: 6/6
  1131 | D:2      | Reached skill level 4 in Unarmed Combat
  1281 | D:2      | Found a sparkling altar of Nemelex Xobeh.
  1625 | D:2      | Learned a level 2 spell: Sticks to Snakes
  1654 | D:2      | Reached XP level 4. HP: 12/35 MP: 0/7
  2333 | D:3      | Found a shimmering altar of Xom.
  2409 | D:3      | Learned a level 3 spell: Spider Form
  2566 | D:3      | Reached skill level 5 in Unarmed Combat
  2699 | D:3      | Reached XP level 5. HP: 33/40 MP: 9/9
  3472 | D:3      | Found a bloodstained altar of Trog.
  3507 | D:4      | Noticed Pr0man's ghost (average GrFi)
  3877 | D:3      | HP: 2/40 [poisoned by a worker ant]
  3886 | D:3      | HP: 2/40 [poisoned by a worker ant]
  3894 | D:3      | HP: 2/40 [poisoned by a worker ant]
  4319 | D:4      | HP: 2/40 [Pr0man's ghost (1)]
  4627 | D:4      | HP: 2/40 [Pr0man's ghost (1)]
  4630 | D:4      | Slain by Pr0man's ghost

Action                   |  1- 3 |  4- 6 || total
-------------------------+-------+-------++-------
Melee: Unarmed           |   118 |   186 ||   304
 Cast: Beastly Appendage |     2 |     5 ||     7
       Sticks to Snakes  |     4 |       ||     4
       Spider Form       |       |     1 ||     1
  Use: Potion            |     1 |     2 ||     3
 Stab: Sleeping          |       |     1 ||     1
